 Dungeon Crawl Stone Soup version 0.29.1-1-gd02db6906a (webtiles) character file.

Game seed: 10370117335660820090

66 mcbry74 the Chopper (level 4, -1/40 HPs)
             Began as a Hill Orc Fighter on Oct 3, 2022.
             Slain by an orc
             ... wielding a +0 whip of venom
              (2 damage)
             ... on level 3 of the Dungeon.
             The game lasted 00:02:10 (931 turns).

mcbry74 the Chopper (Hill Orc Fighter)               Turns: 931, Time: 00:02:11

Health: -1/40      AC:  8    Str: 20    XL:     4   Next: 15%
Magic:  4/4        EV:  9    Int:  8    God:
Gold:   44         SH:  4    Dex: 10    Spells: 3/3 levels left

rFire   . . .      SeeInvis .   a - +0 war axe
rCold   . . .      Faith    .   c - +0 buckler
rNeg    . . .      Spirit   .   b - +0 scale mail
rPois   .          Reflect  .   (no helmet)
rElec   .          Harm     .   (no cloak)
rCorr   .          Rampage  .   (no gloves)
Will    .....                   f - +0 pair of boots
Stlth   ..........              (no amulet)
HPRegen 0.13/turn               (no ring)
MPRegen 0.09/turn               (no ring)

@: brilliant, lethally poisoned (-1 -> -12)
A: no striking features
a: no special abilities


You were on level 3 of the Dungeon.
You visited 1 branch of the dungeon, and saw 3 of its levels.

You collected 44 gold pieces.

Inventory:

Hand Weapons
 a - a +0 war axe (weapon)
Armour
 b - a +0 scale mail (worn)
 c - a +0 buckler (worn)
 f - a +0 pair of boots (worn)
Potions
 d - a potion of might
 g - a potion of magic {unknown}


   Skills:
 - Level 4.1 Fighting
 * Level 4.2 Axes
 + Level 3.8 Armour
 + Level 3.8 Shields


You had 3 spell levels left.
You didn't know any spells.
Your spell library was empty.

Dungeon Overview and Level Annotations

Branches:
Dungeon (3/15)

Altars:


Message History

You slash the orc!
You kill the orc!
The kobold shouts!
Things that are here:
a +0 hand axe; an orc corpse You slash the kobold!
You kill the kobold!
Things that are here:
a +0 short sword; a kobold corpse An orc comes into view.
It is wielding a +0 whip of venom.
Found a whip.
The orc shouts!
You hit the orc.
The orc is moderately wounded.
The orc hits you with a +0 whip of venom.
You are poisoned.
You completely miss the orc.
The orc is moderately wounded.
You feel very sick.
The orc hits you with a +0 whip of venom.
You are more poisoned.
The orc hits you but does no damage.
You are lethally poisoned!
You feel extremely sick.
You feel extremely sick.
* * * LOW HITPOINT WARNING * * *
You feel very sick.
You see here an adder corpse.
The orc attacks as you move away!
The orc hits you with a +0 whip of venom.
* * * LOW HITPOINT WARNING * * *
x2 You feel very sick.
Things that are here:
a +0 short sword; a kobold corpse It was a potion of brilliance.
You feel clever all of a sudden.
* * * LOW HITPOINT WARNING * * *
You feel very sick.
The orc hits you with a +0 whip of venom.
You die...

#### ### #..######
#####.# #.......#
#.....#
#...###.#####.##.#
#...# #.....)....#
##...#########.#####.#
#......<.....).......#
#.############@#####.#
#. ........o....# #.
########..###.#
.#......#.###
............#
#.####.#.#.#
#..)<..#.#.#
###.#..#.# # # #..#.#


You could see an orc.

Vanquished Creatures
  4 adders
  2 dart slugs (D:1)
  2 orcs (D:3)
  2 endoplasms (D:1)
  2 goblins
  2 hobgoblins (D:1)
  2 jackals (D:2)
  A ball python (D:1)
  A bat (D:1)
  6 kobolds
  A rat (D:2)
25 creatures vanquished.

Notes
Turn   | Place    | Note
-------+----------+-------------------------------------------
     0 | D:1      | mcbry74 the Hill Orc Fighter began the quest for the Orb.
     0 | D:1      | Reached XP level 1. HP: 19/19 MP: 1/1
   226 | D:1      | Reached XP level 2. HP: 27/27 MP: 2/2
   518 | D:2      | Reached XP level 3. HP: 33/33 MP: 3/3
   884 | D:3      | Reached XP level 4. HP: 40/40 MP: 4/4
   931 | D:3      | HP: 1/40 [poisoned by an orc]
   931 | D:3      | Slain by an orc

Illustrated notes

Levels and vault maps discovered:
D:1:      nzn_arrival_crosshair, layout_loops_cross,
          dilly_ecumenical_altar_fadedgnrine, solitary_fountain,
          minmay_misc_feat_hallway
D:2:      layout_rooms, serial_bayou_crossing
D:3:      layout_basic, uniq_jessica, uniq_terence

Skill      XL: |  1  2  3 |
---------------+----------+-----
Axes           | 3 4 |  4.2
Fighting       | 4 |  4.1
Armour         | |  3.8
Shields        | |  3.8

Action                   |  1- 3 |  4- 6 || total
-------------------------+-------+-------++-------
Melee: War axe           |    66 |     5 ||    71
  Use: Potion            |       |     1 ||     1
Armor: Scale mail        |    40 |     2 ||    42
Dodge: Dodged            |    31 |       ||    31
Block: Buckler           |    18 |       ||    18
